 Dungeon Crawl Stone Soup version 0.30-a0-134-gb40fab5c76 (webtiles) character file.

Game seed: 5505951541405483722

1368823 jehirs the Petrodigitator (level 27, 193/193 HPs)
             Began as a Gargoyle Earth Elementalist on Sept 19, 2022.
             Was a High Priest of Sif Muna.
             Escaped with the Orb
             ... and 3 runes!
             The game lasted 04:43:00 (114040 turns).

jehirs the Petrodigitator (GrEE)                  Turns: 114040, Time: 04:43:01

Health: 193/193    AC: 44    Str: 12    XL:     27
Magic:  57/57      EV: 11    Int: 43    God:    Sif Muna [*****.]
Gold:   6653       SH: 12    Dex: 12    Spells: 26/67 levels left

rFire   + + .      SeeInvis +    m - staff of earth
rCold   + + .      Faith    .    z - +3 buckler {rC+ rF+}
rNeg    + + .      Spirit   .    f - +2 faerie dragon scales {rElec Will+ rCorr MP+6 Str-2}
rPois   ∞          Reflect  .    X - +3 crown of Dyrovepreva {rElec Int+2 SInv}
rElec   +          Harm     .    a - scarf {repulsion}
rCorr   +          Rampage  .    K - +3 pair of gloves "Huddof" {Int+4 Dex+4}
Will    +++..                    P - +0 pair of boots of Wonajood {rF+ rC+}
Stlth   ++........               x - amulet of magic regeneration
HPRegen 0.42/turn                I - ring "Cyecirchoy" {rC+ Int+6 Stlth+}
MPRegen 0.75/turn                w - ring of Vufypn {rElec rN+ MP+9 Int+3 Stlth+}

@: flying, repel missiles
A: sickness immunity, AC +20, big wings, negative energy resistance 1,
electricity resistance, torment resistance 1, petrification resistance, clumsy
1, low MP 1, cold vulnerability 1, inability to drink after injury 1
0: Orb of Zot
}: 3/15 runes: serpentine, barnacled, silver
a: Renounce Religion, Channel Magic, Forget Spell, Divine Exegesis


You escaped.
You worshipped Sif Muna.
Sif Muna was extremely pleased with you.
You visited 10 branches of the dungeon, and saw 48 of its levels.
You visited 1 bazaar.
You also visited: Ice Cave and Wizlab.

You collected 7771 gold pieces.
You spent 1118 gold pieces at shops.

Inventory:

Missiles
 F - 4 throwing nets (quivered)
Armour
 a - a scarf of repulsion (worn)
 f - the +2 faerie dragon scales (worn) {rElec Will+ rCorr MP+6 Str-2}
   (You took it off the Enchantress on level 2 of the Depths)

   Str:       It affects your strength (-2).
   rElec:     It insulates you from electricity.
   MP:        It affects your magic capacity (+6).
   rCorr:     It protects you from acid and corrosion.
   Will:      It increases your willpower.
 r - the +4 dragonskin cloak
   (You took it off Tiamat on level 4 of the Realm of Zot)

   It grants the wearer a chance to resist fire, cold, poison, electricity,
   acid, and negative energy.
 z - a +3 buckler of resistance (worn)
 K - the +3 pair of gloves "Huddof" (worn) {Int+4 Dex+4}
   (You acquired it on level 10 of the Dungeon)

   Int:       It affects your intelligence (+4).
   Dex:       It affects your dexterity (+4).
 P - the +0 pair of boots of Wonajood (worn) {rF+ rC+}
   (You acquired it on level 1 of the Realm of Zot)

   rF:        It protects you from fire.
   rC:        It protects you from cold.
 X - the +3 crown of Dyrovepreva (worn) {rElec Int+2 SInv}
   (You found it on level 3 of the Elven Halls)

   Int:       It affects your intelligence (+2).
   rElec:     It insulates you from electricity.
   SInv:      It lets you see invisible.
 Y - a +2 kite shield of protection
Magical Staves
 m - a staff of earth (weapon)
Jewellery
 n - a ring of willpower
 p - an amulet of reflection
 w - the ring of Vufypn (right hand) {rElec rN+ MP+9 Int+3 Stlth+}
   (You found it on level 3 of the Dungeon)

   [ring of positive energy]

   Int:       It affects your intelligence (+3).
   rElec:     It insulates you from electricity.
   rN:        It protects you from negative energy.
   MP:        It affects your magic capacity (+9).
   Stlth:     It makes you more stealthy.
 x - an amulet of magic regeneration (around neck)
 D - a ring of protection from cold
 I - the ring "Cyecirchoy" (left hand) {rC+ Int+6 Stlth+}
   (You took it off a merfolk impaler on level 4 of the Shoals)

   [ring of protection from cold]

   Int:       It affects your intelligence (+6).
   rC:        It protects you from cold.
   Stlth:     It makes you more stealthy.
 R - a ring of positive energy
 V - a +4 ring of protection
Wands
 i - a wand of mindburst (30)
 v - a wand of iceblast (18)
 y - a wand of flame (83)
 G - a wand of polymorph (17)
 N - a wand of light (15)
 Q - a wand of paralysis (47)
 U - a wand of digging (15)
Scrolls
 d - 7 scrolls of enchant weapon
 e - 11 scrolls of amnesia
 k - 9 scrolls of fear
 l - 4 scrolls of magic mapping
 q - a scroll of summoning
 s - 10 scrolls of enchant armour
 E - 10 scrolls of butterflies
 J - 6 scrolls of poison
 L - 2 scrolls of brand weapon
 M - 3 scrolls of torment
 S - 3 scrolls of blinking
 T - 2 scrolls of silence
 Z - 6 scrolls of teleportation
Potions
 b - 2 potions of invisibility
 c - 5 potions of resistance
 g - 5 potions of cancellation
 h - 7 potions of might
 j - 31 potions of curing
 o - 6 potions of brilliance
 t - 2 potions of magic
 u - 11 potions of mutation
 A - 2 potions of ambrosia
 C - 6 potions of heal wounds
 O - a potion of berserk rage
 W - 5 potions of haste
Miscellaneous
 B - a box of beasts
 H - a phial of floods


   Skills:
 * Level 25.5 Fighting
 + Level 8.2 Staves
 + Level 20.4 Armour
 - Level 1.5 Dodging
 - Level 2.9 Stealth
 + Level 19.0 Shields
 + Level 20.7 Spellcasting
 + Level 20.5 Conjurations
 - Level 0.7 Transmutations
 O Level 27 Earth Magic


You had 26 spell levels left.
You knew the following spells:

 Your Spells              Type           Power      Damage    Failure   Level
a - Sandblast             Erth           100%       2d20      0%          1
b - Stone Arrow           Conj/Erth      100%       3d13      0%          3
c - Lee's Rapid Deconstr  Erth           80%        3d37*     0%          5
d - Petrify               Tmut/Erth      100%       N/A       1%          4
e - Borgnjor's Vile Clut  Necr/Erth      63%        N/A       1%          5
f - Iron Shot             Conj/Erth      77%        9d14      0%          6
g - Lehudib's Crystal Sp  Conj/Erth      77%        10d17     1%          8
h - Shatter               Erth           80%        3d58*     1%          9

Your spell library contained the following spells:

 Spells                   Type           Power      Damage    Failure   Level
 Foxfire                  Conj/Fire      100%       2x1d9     0%          1
 Magic Dart               Conj           100%       1d8       0%          1
 Shock                    Conj/Air       100%       1d9       0%          1
 Passwall                 Tmut/Erth      100%       N/A       0%          2
 Searing Ray              Conj           100%       2d8       0%          2
 Static Discharge         Conj/Air       100%       2-7/arc   0%          2
 Iskenderun's Battlesphe  Conj           100%       2d15      0%          5
 Apportation              Tloc           88%        N/A       1%          1
 Beastly Appendage        Tmut           100%       N/A       1%          1
 Freeze                   Ice            100%       1d11      1%          1
 Necrotise                Necr           100%       1d9       1%          1
 Slow                     Hex            100%       N/A       1%          1
 Sting                    Tmut/Pois      100%       1d8       1%          1
 Summon Small Mammal      Summ           100%       N/A       1%          1
 Blink                    Tloc           88%        N/A       1%          2
 Call Imp                 Summ           44%        N/A       1%          2
 Ensorcelled Hibernation  Hex/Ice        88%        N/A       1%          2
 Poisonous Vapours        Pois/Air       88%        N/A       1%          2
 Scorch                   Fire           88%        2d9       1%          2
 Wereblood                Tmut           50%        N/A       1%          2
 Call Canine Familiar     Summ           44%        N/A       1%          3
 Confusing Touch          Hex            44%        N/A       1%          3
 Dazzling Flash           Conj/Hex       100%       N/A       1%          3
 Frozen Ramparts          Ice            88%        1d14      1%          3
 Gell's Gravitas          Tloc           44%        N/A       1%          3
 Ignite Poison            Fire/Tmut/Pois 46%        N/A       1%          3
 Inner Flame              Hex/Fire       44%        N/A       1%          3
 Kindle Blastsparks       Fire/Tloc/Air  88%        2d17      1%          3
 Lesser Beckoning         Tloc           44%        N/A       1%          3
 Mephitic Cloud           Conj/Pois/Air  80%        N/A       1%          3
 Ozocubu's Armour         Ice            44%        N/A       1%          3
 Portal Projectile        Hex/Tloc       88%        N/A       1%          3
 Spider Form              Tmut/Pois      47%        N/A       1%          3
 Summon Guardian Golem    Hex/Summ       44%        N/A       1%          3
 Swiftness                Air            44%        N/A       1%          3
 Teleport Other           Tloc           44%        N/A       1%          3
 Tukima's Dance           Hex            44%        N/A       1%          3
 Vampiric Draining        Necr           44%        2d9       1%          3
 Animate Armour           Summ/Erth      100%       N/A       1%          4
 Flame Wave               Conj/Fire      93%        2d20      1%          4
 Fulminant Prism          Conj/Hex       46%        3d21      1%          4
 Hailstorm                Conj/Ice       93%        3d18      1%          4
 Iskenderun's Mystic Bla  Conj/Tloc      93%        2d18      1%          4
 Leda's Liquefaction      Hex/Erth       63%        N/A       1%          4
 Sticky Flame             Conj/Fire      93%        2d10      1%          4
 Arcjolt                  Conj/Air       46%        1d56      1%          5
 Fireball                 Conj/Fire      46%        3d18      1%          5
 Freezing Cloud           Conj/Ice/Air   40%        6-21      1%          5
 Irradiate                Conj/Tmut      47%        3d27      1%          5
 Lightning Bolt           Conj/Air       46%        1d66      1%          5
 Conjure Ball Lightning   Conj/Air       46%        3x3d16    1%          6
 Starburst                Conj/Fire      46%        6d13      1%          6
 Orb of Destruction       Conj           60%        9d15      1%          7
 Ice Form                 Ice/Tmut       47%        N/A       5%          4
 Airstrike                Air            22%        2d(4-20)  6%          4
 Anguish                  Hex/Necr       22%        N/A       6%          4
 Cause Fear               Hex            22%        N/A       6%          4
 Dispel Undead            Necr           44%        3d17      6%          4
 Manifold Assault         Tloc           44%        N/A       6%          4
 Olgreb's Toxic Radiance  Pois           44%        N/A       6%          4
 Passage of Golubria      Tloc           44%        N/A       6%          4
 Summon Ice Beast         Ice/Summ       44%        N/A       6%          4
 Summon Lightning Spire   Summ/Air       44%        N/A       6%          4
 Spellforged Servitor     Conj/Summ      46%        N/A       9%          7
 Blade Hands              Tmut           25%        N/A       14%         5
 Alistair's Intoxication  Tmut/Pois      31%        N/A       16%         5
 Yara's Violent Unravell  Hex/Tmut       23%        3d10      16%         5
 Agony                    Necr           44%        N/A       19%         5
 Metabolic Englaciation   Hex/Ice        22%        N/A       19%         5
 Silence                  Hex/Air        22%        N/A       19%         5
 Summon Forest            Summ/Tloc      22%        N/A       19%         5
 Summon Mana Viper        Hex/Summ       44%        N/A       19%         5
 Eringya's Noxious Bog    Tmut/Pois      23%        N/A       65%         6
 Dispersal                Tloc           22%        N/A       69%         6
 Simulacrum               Ice/Necr       22%        N/A       69%         6
 Summon Cactus Giant      Summ           22%        N/A       69%         6
 Dragon Form              Tmut           25%        N/A       99%         7
 Enfeeble                 Hex            22%        N/A       99%         7
 Haunt                    Necr/Summ      22%        N/A       99%         7
 Malign Gateway           Summ/Tloc      22%        N/A       99%         7
 Ozocubu's Refrigeration  Ice            22%        4d12      99%         7
 Storm Form               Tmut/Air       23%        N/A       99%         7
 Summon Hydra             Summ           22%        N/A       99%         7
 Borgnjor's Revivificati  Necr           22%        N/A       100%        8
 Disjunction              Tloc           22%        N/A       100%        8
 Ignition                 Fire           22%        3d8       100%        8
 Infestation              Necr           22%        N/A       100%        8
 Maxwell's Capacitive Co  Air            22%        ∞         100%        8
 Necromutation            Tmut/Necr      23%        N/A       100%        8
 Summon Horrible Things   Summ           22%        N/A       100%        8
 Chain Lightning          Conj/Air       46%        3d62      100%        9
 Dragon's Call            Summ           22%        N/A       100%        9
 Fire Storm               Conj/Fire      46%        8d12      100%        9
 Polar Vortex             Ice            22%        N/A       100%        9
 Cigotuvi's Dreadful Rot  Necr/Pois/Air  Unusable   N/A       N/A         2
 Statue Form              Tmut/Erth      Unusable   N/A       N/A         6

Dungeon Overview and Level Annotations

Branches:
Dungeon (15/15)            Temple (1/1) D:5            Lair (5/5) D:10
 Shoals (4/4) Lair:2        Snake (4/4) Lair:2        Slime (0/5) Lair:4
    Orc (2/2) D:10            Elf (3/3) Orc:2        Vaults (5/5) D:13
  Crypt (0/3) Vaults:2     Depths (4/4) D:15            Zot (5/5) Depths:4
  IceCv (visited)          WizLab (visited)

Altars:
Ashenzari
Cheibriados
Dithmenos
Elyvilon
Fedhas
Gozag
Hepliaklqana
Kikubaaqudgha
Makhleb
Nemelex Xobeh
Okawaru
Qazlal
Ru
Sif Muna
Trog
Uskayaw
Vehumet
Wu Jian
Xom
Yredelemnul
Zin
The Shining One
Jiyva

Shops:
D:9 :   D:15 :   Orc:2 *=*(:   Elf:2 (:!*(   Snake:1 :(**   Snake:2 [:*
Vaults:1 :   Vaults:5 ????[   Depths:2 (   Depths:4 *

Portals:
Hell: Depths:1 Depths:2 Depths:3 Depths:4
Abyss: Depths:1 Depths:2 Depths:3 Depths:4
Pandemonium: Orc:2 Depths:2 Depths:3
Ziggurat: Depths:3

Annotations:
D:2 1 runed translucent door, Crazy Yiuf
D:6 3 runed translucent doors, Yosebu's ghost, novice GrFi
Vaults:2 1 runed translucent door, Gexir's ghost, veteran DjCj


Innate Abilities, Weirdness & Mutations

You are immune to sickness and miasma.
Your stone body is resilient. (AC +20)
You are immune to poison.
Your large and strong wings let you fly.
You resist negative energy. (rN+)
You are resistant to electric shocks. (rElec)
You are resistant to unholy torment.
You are immune to petrification.
You are clumsy. (Dex -2)
Your magical capacity is low. (-10% MP)
You are vulnerable to cold. (rC-)
You occasionally lose the ability to drink potions when taking damage.


Message History

(Z) Zot
Where to? (Enter - D:1 @ (x,y), ? - help)
An Orb Guardian comes into view.
Casting: Iron Shot (safe; 0% risk of failure)
Confirm with . or Enter, or press ? or * to list all spells.
Aiming: Lehudib's Crystal Spear (mildly dangerous; 1% risk of failure)
Press: ? - help, Shift-Dir - straight line, f - Orb Guardian
Aim: an Orb Guardian (80% to hit)
You feel a surge of power!
The crystal spear hits the Orb Guardian!!!!
You kill the Orb Guardian!
Sif Muna accepts your kill.
Your Shields skill increases to level 19!
That's the wrong kind of item! (Use * to select it.) Evoke which item? (* to show all) (? for menu, Esc to quit)
Huh?
Evoke which item? (* to show all) (? for menu, Esc to quit)
Okay, then.
Aiming: Dig
Press: ? - help, Shift-Dir - straight line A rock wall.
This square is covered in magical glow.
The rock shatters into small pieces.
(D) Dungeon (T) Temple (L) Lair (A) Shoals (P) Snake Pit (M) Slime Pits (O) Orcish Mines (E) Elven Halls (V) Vaults (C) Crypt (U) Depths (H) Hell (Z) Zot
Where to? (Enter - D:1 @ (x,y), ? - help)
There is a stone staircase leading up here.
There is a stone staircase leading up here.
You fly upwards.
Your extra speed is starting to run out.
There is a stone staircase leading down here.
You feel yourself slow down.
Magic restored.
You see here a +0 robe.
HP restored.
There is an empty arch of ancient stone here.
There is a staircase leading out of the dungeon here.
You have escaped!

#.##.# #.# ######.
#####.##.############.#####......
......##.................##.####.
####..##.)###########.##.##.# ##
#..##..####...############# #
#...........###...........#
#####.#########.8.♣.8.♣.8.## #.#
##.............### #.#
#@.~~~~~~~~~~~.∩.. #.#
##.............### #.#
##.8.♣.8.♣.8.## # #.#
#...........# # #.# #############
# #.###############.##.# #
#.................##.# #
################..##.#####
#..........


There were no monsters in sight!

Vanquished Creatures
  A dread lich (Zot:5)
  11 orbs of fire
  A pandemonium lord (D:4)
  Mara (Shoals:4)
  An ancient lich (Zot:5)
  Tiamat (Zot:4)
  3 juggernauts
  Boris (Vaults:5)
  Vv (Zot:4)
  Saint Roka (Depths:2)
  4 Killer Klowns
  A caustic shrike (Depths:1)
  4 curse toes
  Nikola (Shoals:4)
  11 golden dragons
  the Enchantress (Depths:2)
  A bone dragon (Depths:4)
  5 electric golems
  A Tzitzimitl (Depths:2)
  2 doom hounds (Depths:1)
  A Brimstone Fiend (Zot:1)
  Rupert (D:13)
  14 tentacled monstrosities
  5 liches
  Grunn (Depths:2)
  A walking earthen tome (Depths:1)
  28 Orb Guardians
  5 deep elf blademasters
  7 titans
  6 deep elf master archers
  7 quicksilver dragons
  An ancient champion (Vaults:2)
  10 sphinxes
  A thorn hunter (WizLab)
  4 krakens
  6 death cobs
  Kirke (Elf:1)
  6 tengu reavers
  Agnes (Lair:2)
  7 shadow dragons
  The ghost of Useeprab the Convoker, an adept BaSu of Hepliaklqana (Elf:2)
  Donald (Elf:3)
  4 draconian monks
  2 nagarajas
  15 storm dragons
  5 draconian knights
  Ilsuiw (Shoals:3)
  3 fenstrider witches (WizLab)
  14 fire giants
  5 ghost moths
  14 frost giants
  3 iron dragons
  Louise (Elf:3)
  3 deep elf sorcerers
  Aizul (Snake:2)
  4 draconian scorchers
  7 draconian shifters
  7 draconian stormcallers
  A deep elf elementalist (Elf:3)
  19 vault wardens
  3 spriggan defenders
  5 draconian annihilators
  32 stone giants
  A broodmother (shapeshifter) (Vaults:5)
  6 reapers
  2 war gargoyles
  15 ironbound preservers
  36 very ugly things
  9 deep elf demonologists
  Nessos (D:14)
  7 deep elf annihilators
  12 ironbound thunderhulks
  13 green draconians
  4 vampire knights
  2 eleionomae (WizLab)
  15 white draconians
  6 entropy weavers
  10 red draconians
  An entropy weaver (shapeshifter) (Vaults:3)
  10 black draconians
  11 yellow draconians
  15 purple draconians
  12 dire elephants
  A spark wasp (Depths:3)
  18 ettins
  6 deep elf death magi
  Snorg (D:10)
  2 shambling mangroves (WizLab)
  2 deep elf high priests (Elf:3)
  An ettin (shapeshifter) (Vaults:5)
  14 merfolk impalers
  6 merfolk javelineers
  Josephine (D:11)
  12 yaktaur captains
  17 fire dragons
  5 great orbs of eyes
  Fannar (Lair:1)
  Harold (D:9)
  6 rakshasas
  3 salamander tyrants
  22 ice dragons
  43 vault guards
  2 ogre magi (D:15)
  A peacekeeper (Vaults:4)
  A spriggan air mage (Depths:2)
  An alligator snapping turtle (Shoals:3)
  16 centaur warriors
  3 two-headed ogres
  4 catoblepae
  A death knight (D:13)
  6 hydras
  5 ironbound frosthearts
  4 boulder beetles
  A merfolk avatar (Shoals:3)
  28 dancing weapons
  11 satyrs
  A demonspawn (Orc:1)
  15 anacondas
  7 deep troll shamans
  A death yak (shapeshifter) (Depths:1)
  10 naga warriors
  2 merfolk aquamancers (Shoals:4)
  3 deep troll earth magi
  13 naga sharpshooters
  9 tengu warriors
  5 spriggan berserkers
  11 death yaks
  4 vampire magi
  14 shock serpents
  Nergalle (Lair:2)
  6 hell knights
  7 orc high priests
  20 deep elf knights
  A titan skeleton (Depths:3)
  Amaemon (D:9)
  2 soul eaters
  2 iron trolls
  A shadow wraith (Vaults:3)
  A sun demon (Orc:2)
  18 sea snakes
  6 salamander mystics
  37 deep trolls
  3 flayed ghosts
  4 glowing orange brains
  A golden dragon zombie (Depths:3)
  An orb spider (shapeshifter) (Depths:1)
  3 naga ritualists
  3 lindwurms
  A golden dragon skeleton (Depths:1)
  14 deep elf archers
  30 deep elf zephyrmancers
  15 ironbound convokers
  6 wizards
  13 harpies
  10 phantasmal warriors
  8 necromancers
  35 deep elf pyromancers
  9 mana vipers
  Pikel (D:6)
  2 oklob plants (WizLab)
  A glowing shapeshifter (Vaults:5)
  7 orc knights
  A fire giant zombie (Depths:1)
  20 salamanders
  7 orc sorcerers
  9 manticores
  23 ugly things
  19 cyclopes
  34 fauns
  24 elephants
  A salamander (shapeshifter) (Elf:2)
  A tengu skeleton (Depths:3)
  11 merfolk sirens
  A stone giant skeleton (Depths:1)
  13 naga magi
  Maurice (D:9)
  A human skeleton (Vaults:1)
  2 rust devils (Depths:3)
  21 black mambas
  A black mamba (shapeshifter) (Vaults:5)
  2 ice statues (IceCv)
  37 moths of wrath
  21 vault sentinels
  8 guardian serpents
  12 water nymphs
  Maggie (D:6)
  6 cane toads
  An orange demon (D:9)
  6 komodo dragons
  6 freezing wraiths
  A hellion (D:4)
  13 rime drakes
  2 kobold demonologists
  7 ice devils
  A komodo dragon (shapeshifter) (Vaults:5)
  28 yaktaurs
  A tormentor (Depths:2)
  2 unseen horrors
  2 efreet
  2 yaktaur skeletons (Vaults:1)
  3 hellwings
  2 tengu conjurers
  13 trolls
  18 merfolk
  12 wind drakes
  4 polar bears
  3 meliai (D:13)
  2 hornets (WizLab)
  Prince Ribbit (D:6)
  17 blink frogs
  28 slime creatures
  8 snapping turtles
  6 dream sheep
  A jumping spider (Vaults:2)
  7 wraiths
  2 ynoxinuls
  9 air elementals
  2 shadows
  7 wyverns
  26 water elementals
  3 dire elephant simulacra (IceCv)
  A hog (Elf:1)
  8 humans (D:13)
  24 yaks
  2 basilisks (D:15)
  16 steam dragons
  2 fire elementals
  A death yak simulacrum (IceCv)
  5 redbacks
  A chaos spawn (D:3)
  5 wargs
  3 swamp worms (Lair:5)
  10 vampire mosquitoes
  An acid dragon (D:14)
  4 harpy simulacra (IceCv)
  36 nagas
  3 hydra simulacra (IceCv)
  11 water moccasins
  3 floating eyes
  A small abomination (D:4)
  2 glowing shapeshifter skeletons (Depths:1)
  37 orc warriors
  3 ice beasts
  A black bear (Lair:1)
  3 ogres (Orc:2)
  8 wolves
  2 lemures
  2 centaurs
  A phantom (D:6)
  5 kobold brigands
  16 bullfrogs
  3 earth elementals (Elf:2)
  A cane toad simulacrum (IceCv)
  5 scorpions
  12 wights
  3 electric eels (Lair:4)
  28 killer bees
  5 howler monkeys
  6 hounds
  14 jellies
  2 gnoll boudas (D:6)
  26 orc priests
  8 hell rats (Lair:2)
  5 iguanas
  20 orc wizards
  4 polar bear simulacra (Lair:4)
  4 yak simulacra (Lair:4)
  2 wolf simulacra (Lair:4)
  4 adders
  14 gnolls
  2 naga simulacra (IceCv)
  17 river rats (Lair:2)
  2 shadow imps (D:6)
  3 white imps
  An ufetubus (D:7)
  2 worms (D:3)
  3 dart slugs
  80 orcs
  A ball python (shapeshifter) (Vaults:5)
  5 endoplasms
  A giant cockroach (D:1)
  3 goblins
  6 hobgoblins
  6 quokkas
  6 ball pythons
  3 bats
  A frilled lizard (D:2)
  22 kobolds
  12 rats
  A river rat simulacrum (Lair:4)
  2 bushes (Shoals:3)
  3 tentacles
2204 creatures vanquished.

Vanquished Creatures (collateral kills)
  A merfolk impaler (Shoals:3)
  3 harpies (Shoals:3)
  2 merfolk (Shoals:3)
6 creatures vanquished.

Vanquished Creatures (others)
  A black draconian (Zot:3)
  3 humans (Elf:1)
  A quokka (Lair:2)
  A kobold (D:9)
  5 bushes
  47 fungi
  263 plants
  17 tentacles
  14 toadstools (Lair:4)
352 creatures vanquished.

Grand Total: 2562 creatures vanquished

Notes
Turn   | Place    | Note
-------+----------+-------------------------------------------
     0 | D:1      | jehirs the Gargoyle Earth Elementalist began the quest for
                  | the Orb.
     0 | D:1      | Reached XP level 1. HP: 10/10 MP: 3/3
   272 | D:1      | Reached skill level 4 in Earth Magic
   288 | D:1      | Reached XP level 2. HP: 15/15 MP: 3/5
  1348 | D:2      | Reached XP level 3. HP: 19/19 MP: 4/6
  1764 | D:2      | Reached skill level 5 in Earth Magic
  2014 | D:2      | Reached XP level 4. HP: 24/24 MP: 6/8
  2151 | D:2      | Found a runed translucent door.
  2152 | D:2      | Noticed Crazy Yiuf
  2559 | D:3      | Found Tuesiw's Distillery.
  2725 | D:3      | Found a faded altar of an unknown god.
  3088 | D:3      | Reached skill level 6 in Earth Magic
  3088 | D:3      | Reached XP level 5. HP: 25/28 MP: 3/9
  3093 | D:3      | Learned a level 3 spell: Stone Arrow
  3413 | D:3      | Identified the ring of Vufypn {rElec rN+ MP+9 Int+3 Stlth+}
  3695 | D:4      | Found a glowing silver altar of Zin.
  3966 | D:4      | Reached XP level 6. HP: 30/32 MP: 7/11
  4179 | D:5      | Entered Level 5 of the Dungeon
  4335 | D:5      | Reached skill level 7 in Earth Magic
  4605 | D:5      | Reached XP level 7. HP: 35/36 MP: 13/13
  4677 | D:5      | Reached skill level 8 in Earth Magic
  4714 | D:5      | Found a staircase to the Ecumenical Temple.
  4723 | Temple   | Entered the Ecumenical Temple
  4885 | Temple   | Became a worshipper of Sif Muna the Loreminder
  5289 | D:5      | Reached skill level 9 in Earth Magic
  5422 | D:6      | Noticed Maggie
  5430 | D:6      | Killed Maggie
  5431 | D:6      | Reached skill level 5 in Spellcasting
  5431 | D:6      | Reached XP level 8. HP: 3/41 MP: 5/15
  5824 | D:6      | Noticed Pikel
  5888 | D:7      | Reached skill level 10 in Earth Magic
  6132 | D:6      | Noticed Yosebu's ghost (novice GrFi)
  6137 | D:6      | Noticed a troll
  6139 | D:6      | Found a runed translucent gate.
  6139 | D:6      | Found a runed translucent gate.
  6140 | D:6      | Found a runed translucent gate.
  6176 | D:6      | Noticed Prince Ribbit
  6180 | D:6      | Identified the +6 whip of the Apocalypse {freeze, rN+}
  6198 | D:5      | Reached * piety under Sif Muna
  6538 | D:5      | Reached skill level 11 in Earth Magic
  6819 | D:6      | Killed Prince Ribbit
  6820 | D:6      | Reached XP level 9. HP: 39/45 MP: 6/18
  6996 | D:6      | Killed Pikel
  6997 | D:6      | Reached skill level 12 in Earth Magic
  8498 | D:8      | Reached skill level 13 in Earth Magic
  8562 | D:8      | Noticed a two-headed ogre
  8570 | D:8      | Killed a two-headed ogre
  8571 | D:8      | Reached XP level 10. HP: 33/50 MP: 8/21
  8686 | D:8      | Reached skill level 14 in Earth Magic
  8846 | D:8      | Reached ** piety under Sif Muna
  9212 | D:8      | Found a glowing golden altar of the Shining One.
  9609 | D:9      | Found a radiant altar of Vehumet.
  9615 | D:9      | Noticed Harold
  9637 | D:9      | Noticed an orange demon
  9840 | D:9      | Noticed Amaemon
  9846 | D:9      | Killed Amaemon
  9968 | D:9      | Killed an orange demon
  9969 | D:9      | Reached skill level 15 in Earth Magic
 10162 | D:9      | Learned a level 5 spell: Lee's Rapid Deconstruction
 10186 | D:9      | Noticed Maurice
 10194 | D:9      | Killed Maurice
 10423 | D:9      | Reached skill level 16 in Earth Magic
 10423 | D:9      | Reached XP level 11. HP: 49/54 MP: 23/23
 10491 | D:9      | Found a snail-covered altar of Cheibriados.
 10491 | D:9      | Found a sparkling altar of Nemelex Xobeh.
 10494 | D:9      | Found a shimmering altar of Xom.
 10670 | D:9      | Found Vocuim's Book Shop.
 10710 | D:9      | Killed Harold
 10922 | D:10     | Entered Level 10 of the Dungeon
 11008 | D:10     | Reached *** piety under Sif Muna
 11089 | D:10     | Reached skill level 1 in Fighting
 11145 | D:10     | Found a staircase to the Lair.
 11151 | D:10     | Reached skill level 1 in Armour
 11479 | D:10     | Identified the +0 ring mail of the Big Bang {Harm rC+}
 11912 | D:10     | Found a staircase to the Orcish Mines.
 11959 | D:10     | Noticed Snorg
 11967 | D:10     | Killed Snorg
 11968 | D:10     | Reached skill level 17 in Earth Magic
 12060 | D:10     | Noticed a two-headed ogre
 12062 | D:10     | Killed a two-headed ogre
 12457 | D:10     | Identified a scroll of acquirement
 12457 | D:10     | Acquired the +3 pair of gloves "Huddof" {Int+4 Dex+4}
 12491 | D:11     | Noticed a cyclops
 12495 | D:11     | Killed a cyclops
 12892 | D:11     | Noticed Josephine
 12914 | D:11     | Killed Josephine
 13055 | D:11     | Reached XP level 12. HP: 64/66 MP: 25/25
 13522 | D:11     | Reached skill level 10 in Spellcasting
 13752 | D:11     | Reached skill level 18 in Earth Magic
 13752 | D:11     | Reached XP level 13. HP: 66/74 MP: 27/27
 13823 | D:9      | Bought a book of Armaments for 540 gold pieces
 13874 | Lair:1   | Entered Level 1 of the Lair of Beasts
 13880 | D:10     | Reached **** piety under Sif Muna
 14444 | D:10     | Reached skill level 19 in Earth Magic
 14896 | Lair:1   | Noticed Fannar
 14919 | Lair:1   | Killed Fannar
 15928 | Lair:2   | Noticed Nergalle
 15936 | Lair:2   | Killed Nergalle
 16136 | Lair:2   | Found a staircase to the Snake Pit.
 16160 | Lair:2   | Reached ***** piety under Sif Muna
 16461 | Lair:2   | Received a gift from Sif Muna
 16465 | Lair:2   | Got Sif Muna's Folio of Boreal Transmigration {god gift}
 17360 | Lair:2   | Gained mutation: Your large and strong wings let you fly.
                  | [Gargoyle growth]
 17360 | Lair:2   | Reached XP level 14. HP: 83/83 MP: 29/29
 17364 | Lair:2   | Reached skill level 20 in Earth Magic
 17603 | Lair:2   | Found a staircase to the Shoals.
 18020 | Lair:2   | Learned a level 4 spell: Petrify
 18379 | Lair:3   | Found a frozen archway.
 18383 | IceCv    | Entered an ice cave
 19345 | IceCv    | Noticed a reaper
 19368 | IceCv    | Killed a reaper
 19478 | IceCv    | Identified the ring "Bulli" {Ice Str+3}
 21135 | Lair:4   | Received a gift from Sif Muna
 21136 | Lair:4   | Got Sif Muna's Quarto of Translocated Silt {god gift}
 21143 | Lair:4   | Learned a level 5 spell: Borgnjor's Vile Clutch
 21309 | Lair:4   | Reached skill level 1 in Shields
 21309 | Lair:4   | Reached skill level 1 in Conjurations
 22556 | Lair:4   | Noticed a dire elephant
 22578 | Lair:4   | Found a runed translucent door.
 22679 | Lair:4   | Found a sacrificial altar of Ru.
 23056 | Lair:4   | Found a staircase to the Slime Pits.
 23056 | Lair:4   | Found a viscous altar of Jiyva.
 23127 | Lair:4   | Reached skill level 21 in Earth Magic
 23776 | Lair:4   | Reached XP level 15. HP: 92/92 MP: 24/31
 24244 | Lair:4   | Identified the +5 ring mail "Axymaera" {-Cast rCorr Dex+4}
 24317 | Lair:5   | Entered Level 5 of the Lair of Beasts
 24799 | Lair:5   | Reached skill level 10 in Armour
 25170 | Lair:5   | Reached skill level 10 in Fighting
 26058 | Lair:5   | Identified the +6 battleaxe of Insomnia {venom, rF++ Dex-4}
 26276 | Orc:1    | Entered Level 1 of the Orcish Mines
 26659 | Orc:2    | Entered Level 2 of the Orcish Mines
 26888 | Orc:2    | Received a gift from Sif Muna
 26889 | Orc:2    | Got Sif Muna's Exposition on Blasts {god gift}
 27204 | Orc:2    | Found Douz's Book Shop.
 27350 | Orc:2    | Found a staircase to the Elven Halls.
 28920 | Orc:2    | Found Useunwip's General Store.
 28923 | Orc:2    | Found Qakh's General Store.
 28947 | Orc:2    | Reached skill level 5 in Shields
 29334 | Orc:2    | Reached skill level 5 in Conjurations
 30174 | Orc:2    | Found Archuim's Antique Weapon Boutique.
 30174 | Orc:2    | Found Halerung's Jewellery Shop.
 30175 | Orc:2    | Found a one-way gate leading to the halls of Pandemonium.
 30182 | Orc:2    | Received a gift from Sif Muna
 30754 | Snake:1  | Entered Level 1 of the Snake Pit
 30783 | Snake:1  | Noticed Agnes
 30802 | Lair:2   | Killed Agnes
 31194 | Snake:1  | Found Viblu Jots's Weapon Emporium.
 31196 | Snake:1  | Found Civu's General Store.
 31196 | Snake:1  | Found Kaokhiomy's Book Emporium.
 31201 | Snake:1  | Found Ested's Assorted Antiques.
 31215 | Snake:1  | Bought an embroidered hat for 224 gold pieces
 31238 | Snake:1  | Reached XP level 16. HP: 98/100 MP: 21/32
 32299 | Snake:1  | Acquired a book of Air
 33150 | Snake:2  | Found Wogyott's Armour Shop.
 33152 | Snake:2  | Found Vaubloe's Book Boutique.
 33166 | Snake:2  | Found Pooproc's General Store.
 34274 | Snake:3  | Noticed a nagaraja
 34276 | Snake:3  | Noticed Aizul
 35042 | Snake:2  | Reached skill level 22 in Earth Magic
 35459 | Snake:2  | Killed Aizul
 35961 | Snake:2  | Killed a nagaraja
 37320 | Snake:4  | Entered Level 4 of the Snake Pit
 37473 | Snake:4  | Received a gift from Sif Muna
 37474 | Snake:4  | Got Eskoh's Catalogue of Striking and the Escort {god gift}
 38008 | Snake:4  | Reached XP level 17. HP: 106/106 MP: 33/34
 41012 | Snake:4  | Got a serpentine rune of Zot
 41251 | Shoals:1 | Entered Level 1 of the Shoals
 42334 | Shoals:1 | Noticed a kraken
 42574 | Shoals:1 | Killed a kraken
 42707 | Shoals:1 | Noticed a kraken
 42713 | Shoals:1 | Killed a kraken
 43325 | Shoals:2 | Noticed a kraken
 43780 | Shoals:1 | Received a gift from Sif Muna
 43781 | Shoals:1 | Got Ecipp's Tractate on Attendants and the Impact {god
                  | gift}
 44610 | Shoals:2 | Killed a kraken
 45050 | Shoals:2 | Reached XP level 18. HP: 110/114 MP: 22/36
 46537 | Shoals:3 | Noticed Ilsuiw
 46620 | Shoals:3 | Identified the +1 ring mail of the Shore {*Corrode Slay+5
                  | Stlth+}
 46860 | Shoals:3 | Found the +5 robe of Night {Dark Will+ SInv}
 46929 | Shoals:3 | Identified the +1 animal skin of the Shoals {Int+3}
 47073 | Shoals:3 | Reached skill level 10 in Shields
 47075 | Shoals:3 | Reached skill level 10 in Conjurations
 47708 | Shoals:3 | Killed Ilsuiw
 47899 | Shoals:3 | Reached skill level 23 in Earth Magic
 49283 | Shoals:3 | Learned a level 6 spell: Iron Shot
 49574 | Shoals:4 | Entered Level 4 of the Shoals
 49791 | Shoals:4 | Paralysed by an air elemental for 1 turns
 49801 | Shoals:4 | Paralysed by an air elemental for 1 turns
 49981 | Shoals:4 | Received a gift from Sif Muna
 50938 | Shoals:4 | Paralysed by an air elemental for 1 turns
 51164 | Shoals:4 | Paralysed by an air elemental for 1 turns
 51168 | Shoals:4 | Noticed Nikola
 51176 | Shoals:4 | Killed Nikola
 51985 | Shoals:4 | Reached XP level 19. HP: 121/121 MP: 37/37
 52250 | Shoals:4 | Received a gift from Sif Muna
 52251 | Shoals:4 | Got Sif Muna's Secrets of Transforming Transposition {god
                  | gift}
 52431 | Shoals:4 | Reached skill level 15 in Spellcasting
 52654 | Shoals:4 | Got a barnacled rune of Zot
 52672 | Shoals:4 | Noticed Mara
 52682 | Shoals:4 | Killed Mara
 53142 | Shoals:4 | Identified the +3 rapier "Badom" {pain, rF+ rC+++ Dex-4}
 53142 | Shoals:4 | Identified the ring "Cyecirchoy" {rC+ Int+6 Stlth+}
 55616 | D:13     | Noticed Rupert
 55621 | D:13     | Killed Rupert
 56240 | D:13     | Found a gate to the Vaults.
 56245 | D:13     | Identified the +8 glaive "Vaicvamo" {antimagic, rC- rCorr
                  | Dex+8}
 56250 | Vaults:1 | Entered Level 1 of the Vaults
 57911 | Vaults:1 | Reached skill level 15 in Armour
 58103 | Vaults:1 | Reached skill level 15 in Fighting
 58287 | Vaults:1 | Found Xemp's Book Boutique.
 58926 | Vaults:1 | Reached skill level 24 in Earth Magic
 59362 | Vaults:1 | Received a gift from Sif Muna
 59363 | Vaults:1 | Reached XP level 20. HP: 129/129 MP: 16/39
 59363 | Vaults:1 | Got Sif Muna's Quarto of Mutagenic Blows and Bruises {god
                  | gift}
 62299 | Vaults:2 | Found a runed translucent door.
 62301 | Vaults:2 | Noticed Gexir's ghost (veteran DjCj)
 64121 | Vaults:2 | Found a staircase to the Crypt.
 65837 | Vaults:3 | Identified the +7 spear of the Sky {spect, MP+9}
 66043 | Vaults:3 | Received a gift from Sif Muna
 66124 | Vaults:3 | Paralysed by a sphinx for 2 turns
 68608 | Vaults:4 | Reached XP level 21. HP: 136/136 MP: 32/41
 70429 | Vaults:4 | Received a gift from Sif Muna
 70430 | Vaults:4 | Got Wipnee Jiwni's Writings on Shifting and Bedrock {god
                  | gift}
 71266 | Vaults:4 | Reached skill level 25 in Earth Magic
 71978 | D:14     | Found a blossoming altar of Fedhas.
 72314 | D:14     | Noticed Nessos
 72318 | D:14     | Killed Nessos
 72369 | D:14     | Identified the +5 chain mail of Fashionability {Drain rN+++
                  | Int-4 Stlth+}
 72860 | D:15     | Entered Level 15 of the Dungeon
 73811 | D:15     | Found a staircase to the Depths.
 74304 | D:15     | Learned a level 8 spell: Lehudib's Crystal Spear
 74314 | D:15     | Learned a level 9 spell: Shatter
 74558 | D:15     | Found Amoizxoh's Book Shoppe.
 74802 | Depths:1 | Entered Level 1 of the Depths
 75352 | Depths:1 | Found a gateway to Hell.
 75360 | Depths:1 | Found a magical portal.
 75369 | WizLab   | Entered Eringya's Formal Garden
 76198 | WizLab   | Reached XP level 22. HP: 130/145 MP: 1/43
 76773 | WizLab   | Paralysed by a fenstrider witch for 3 turns
 76873 | WizLab   | Found a blossoming altar of Fedhas.
 76878 | WizLab   | Reached skill level 15 in Conjurations
 76930 | WizLab   | Got Zysetesm's Octavo of Poisonous Displacement
 77186 | Depths:1 | Noticed a juggernaut
 77191 | Depths:1 | Killed a juggernaut
 77553 | Depths:1 | Received a gift from Sif Muna
 77555 | Depths:1 | Got Sif Muna's Papyrus of the Morbid Zephyr {god gift}
 78237 | Depths:1 | Found a basalt altar of Yredelemnul.
 78306 | Depths:1 | Noticed a caustic shrike
 78311 | Depths:1 | Killed a caustic shrike
 78605 | Depths:1 | Found a one-way gate to the infinite horrors of the Abyss.
 79682 | Depths:1 | Noticed a juggernaut
 80619 | Depths:1 | Acquired 559 gold pieces
 80998 | Depths:2 | Received a gift from Sif Muna
 80999 | Depths:2 | Got Sif Muna's Codex of Arcane Weapons {god gift}
 81173 | Depths:2 | Found Xentuc's Antique Weapon Emporium.
 81257 | Depths:2 | Found a glowing silver altar of Zin.
 82177 | Elf:1    | Entered Level 1 of the Elven Halls
 82179 | Elf:1    | Reached skill level 26 in Earth Magic
 82182 | Elf:1    | Reached XP level 23. HP: 152/152 MP: 29/44
 82970 | Elf:1    | Noticed Kirke
 82972 | Elf:1    | Killed Kirke
 84007 | Elf:2    | Found Degeupp's Distillery.
 84454 | Elf:2    | Found Pibezucw's Book Shoppe.
 84578 | Elf:2    | Found Lougguri's General Store.
 84585 | Elf:2    | Bought a potion of heal wounds for 60 gold pieces
 84640 | Elf:2    | Found Orchainwu's Antique Weapon Emporium.
 84879 | Elf:2    | Found Jistynn's Weapon Boutique.
 84899 | Elf:2    | Found a transporter.
 84908 | Elf:2    | Found a transporter.
 84972 | Elf:2    | Noticed Useeprab's ghost (adept BaSu)
 85052 | Elf:2    | Found a huge runed translucent gate.
 85052 | Elf:2    | Found a huge runed translucent gate.
 85052 | Elf:2    | Found a huge runed translucent gate.
 85052 | Elf:2    | Found a huge runed translucent gate.
 85092 | Elf:2    | Found a huge runed translucent gate.
 86167 | Elf:2    | Received a gift from Sif Muna
 86170 | Elf:2    | Killed Useeprab's ghost
 86171 | Elf:2    | Got Sif Muna's Incunabulum of Conflagration {god gift}
 86359 | Elf:2    | Found a bloodstained altar of Trog.
 86411 | Elf:3    | Entered Level 3 of the Elven Halls
 86592 | Elf:3    | Paralysed by an air elemental for 1 turns
 86598 | Elf:3    | Paralysed by an air elemental for 1 turns
 86601 | Elf:3    | Paralysed by an air elemental for 1 turns
 86605 | Elf:3    | Paralysed by an air elemental for 1 turns
 86666 | Elf:3    | Noticed Louise
 86669 | Elf:3    | Killed Louise
 86683 | Elf:3    | Found a flickering gateway to a bazaar.
 86690 | Bazaar   | Entered a bazaar
 86777 | Bazaar   | Found Bouff's Antique Armour Shop.
 86807 | Bazaar   | Found Feosik's Jewellery Shop.
 86848 | Elf:3    | Noticed Donald
 87028 | Elf:3    | Killed Donald
 87939 | Elf:3    | Identified the +9 war axe of Reinforcement {speed, Drain
                  | rF+++ rN+++ Int-3}
 87939 | Elf:3    | Identified the +4 leather armour of Hedging {rPois rC+
                  | Str-2}
 88206 | Elf:3    | Identified the +7 trident "Arbiter" {protect, rF+}
 88897 | Elf:3    | Identified the +8 arbalest "Nipeplud" {speed, rC+ Str+4
                  | Dex+5}
 88898 | Elf:3    | Found the +3 crown of Dyrovepreva {rElec Int+2 SInv}
 89012 | Elf:3    | Reached XP level 24. HP: 160/160 MP: 42/45
 89051 | Elf:3    | Identified the +7 arbalest of Tonyucwe {elec, Int+3}
 89058 | Elf:3    | Got Sif Muna's Compendium of the Excursion
 89489 | Depths:2 | Noticed Saint Roka
 89495 | Depths:2 | Killed Saint Roka
 89831 | Depths:1 | Killed a juggernaut
 90061 | Depths:2 | Noticed Grunn
 90067 | Depths:2 | Killed Grunn
 90068 | Depths:2 | Reached skill level 15 in Shields
 90094 | Depths:2 | HP: 4/160 [doom hound[Grunn] (9)]
 90094 | Depths:2 | HP: 1/160 [doom hound[Grunn] (3)]
 90340 | Depths:2 | Received a gift from Sif Muna
 90341 | Depths:2 | Got Sif Muna's Writings on the Grounded Barrage {god gift}
 91276 | Depths:2 | Noticed a juggernaut
 91282 | Depths:2 | Killed a juggernaut
 91943 | Depths:2 | Noticed the Enchantress
 91945 | Depths:2 | Killed the Enchantress
 93568 | Depths:3 | Paralysed by a floating eye for 4 turns
 93574 | Depths:3 | Reached skill level 27 in Earth Magic
 94216 | Depths:3 | Received a gift from Sif Muna
 94217 | Depths:3 | Got Sif Muna's Wisdom of the Blind Seer {god gift}
 94675 | Depths:3 | Found a sacrificial altar of Ru.
 94948 | Depths:3 | Found a one-way gateway to a ziggurat.
 95485 | Depths:4 | Entered Level 4 of the Depths
 95649 | Depths:4 | Reached XP level 25. HP: 140/168 MP: 9/45
 96199 | Depths:4 | Found a gate to the Realm of Zot.
 96964 | Depths:4 | Found Baora's Gadget Gallery.
 97557 | Vaults:5 | Entered Level 5 of the Vaults
 97904 | Vaults:5 | Received a gift from Sif Muna
 97907 | Vaults:5 | Got Hilier's Vellum of Incandescence and Clay {god gift}
 97907 | Vaults:5 | Noticed Boris
 98507 | Vaults:5 | Found Maerphik's Magic Scroll Emporium.
 98507 | Vaults:5 | Found Nuzov's Magic Scroll Shop.
 98545 | Vaults:5 | Identified the +5 scale mail "Bixtyscho" {rElec rN++ rCorr
                  | Int-3}
 98868 | Vaults:5 | Found Ilusch's Magic Scroll Boutique.
 98868 | Vaults:5 | Found Kucynk's Magic Scroll Emporium.
 99297 | Vaults:5 | Found Umayps's Antique Armour Shoppe.
 99308 | Vaults:5 | Got Koseosch's Secrets of Hyperbolic Glaciation
 99311 | Vaults:5 | Bought a pair of faintly glowing boots for 294 gold pieces
 99311 | Vaults:5 | Identified the +1 pair of boots of the Salamander {Dex+4}
                  | (You bought it in a shop on level 5 of the Vaults)
 99738 | Vaults:5 | Killed Boris
 99739 | Vaults:5 | Reached XP level 26. HP: 171/177 MP: 38/46
 99993 | Vaults:5 | Got a silver rune of Zot
100502 | Vaults:5 | Found the -2 hat of the Alchemist {rElec rPois rF+ rC+ rN+
                  | Will+ rMut rCorr}
101167 | Zot:1    | Entered Level 1 of the Realm of Zot
101707 | Zot:1    | Reached skill level 1 in Staves
101772 | Zot:1    | Received a gift from Sif Muna
102090 | Zot:1    | Acquired the +0 pair of boots of Wonajood {rF+ rC+}
102799 | Zot:2    | Noticed an orb of fire
102808 | Zot:2    | Gained mutation: Your magical capacity is low. (-10% MP)
                  | [an orb of fire]
102809 | Zot:2    | Killed an orb of fire
103203 | Zot:2    | Noticed an orb of fire
103225 | Zot:2    | Killed an orb of fire
103325 | Zot:2    | Noticed an orb of fire
103329 | Zot:2    | Killed an orb of fire
103770 | Zot:2    | Received a gift from Sif Muna
103772 | Zot:2    | Got Luytoh's Disquisition on Spellbinding and Invitation
                  | {god gift}
106810 | Zot:3    | You are sucked into a shaft and drop 1 floor!
107382 | Zot:4    | Received a gift from Sif Muna
107384 | Zot:4    | Got Tyownek's Handbook of Spellbinding {god gift}
107602 | Zot:4    | Reached XP level 27. HP: 189/189 MP: 8/42
107606 | Zot:4    | Noticed Vv
107746 | Zot:4    | Reached skill level 5 in Staves
107921 | Zot:4    | Found the +4 dragonskin cloak
107921 | Zot:4    | Noticed Tiamat
108125 | Zot:4    | Killed Vv
108618 | Zot:4    | Killed Tiamat
110136 | Zot:5    | Entered Level 5 of the Realm of Zot
110578 | Zot:5    | Noticed an ancient lich
110580 | Zot:5    | Killed an ancient lich
110582 | Zot:5    | Noticed an orb of fire
110633 | Zot:5    | Killed an orb of fire
110735 | Zot:5    | Noticed an orb of fire
110789 | Zot:5    | Killed an orb of fire
110890 | Zot:5    | Noticed an orb of fire
110900 | Zot:5    | Killed an orb of fire
110907 | Zot:5    | Noticed an orb of fire
111029 | Zot:5    | Noticed a dread lich
111274 | Zot:5    | Killed a dread lich
111325 | Zot:5    | Noticed an orb of fire
111327 | Zot:5    | Killed an orb of fire
111344 | Zot:5    | Killed an orb of fire
111344 | Zot:5    | Received a gift from Sif Muna
111345 | Zot:5    | Got Sif Muna's Collected Works on Bewitching Kindling {god
                  | gift}
111447 | Zot:5    | Noticed an orb of fire
111568 | Zot:5    | Noticed an orb of fire
111626 | Zot:5    | Killed an orb of fire
111785 | Zot:5    | Noticed an orb of fire
111871 | Zot:5    | Gained mutation: You are vulnerable to cold. (rC-) [an orb
                  | of fire]
111875 | Zot:5    | Gained mutation: You are clumsy. (Dex -2) [an orb of fire]
111876 | Zot:5    | Killed an orb of fire
111977 | Zot:5    | Gained mutation: You occasionally lose the ability to drink
                  | potions when taking damage. [an orb of fire]
111979 | Zot:5    | Killed an orb of fire
112489 | Zot:5    | Identified the +2 ring mail of the Ornamental God {rF+ rC+}
113369 | Zot:5    | Got the Orb of Zot
113833 | D:5      | Noticed Vogyl the pandemonium lord
113840 | D:4      | Killed Vogyl the pandemonium lord
113850 | D:4      | Noticed Vetitsog the pandemonium lord
114040 | D:$      | Escaped with the Orb!

Illustrated notes

Levels and vault maps discovered:
D:1:      mainiacjoe_arrival_reflecting_pool, layout_loops_ring
D:2:      layout_loops_ring, minmay_tripent, uniq_crazy_yiuf_cottage
D:3:      layout_basic, shapermc_ecumenical_altar_ellora, serial_shops, shop,
          minmay_misc_feat_x
D:4:      layout_basic, nicolae_overflow_hidden_temple
D:5:      layout_basic, minmay_temple_entry_grid
D:6:      layout_rooms, gammafunk_ghost_split, uniq_maggie, uniq_prince_ribbit1,
          uniq_pikel
D:7:      layout_rooms, centaur_isle
D:8:      layout_loops_cross, nicolae_tso_swordbearing_angel
D:9:      layout_rooms, vehumet_altar_wand_db, minitemple, serial_shops,
          nicolae_shop_temple_entry_statues_fountains, minmay_holes,
          uniq_amaemon, uniq_harold, uniq_maurice
D:10:     layout_basic, erik_lair_orcish_takeover, david_orc_4, uniq_snorg
D:11:     layout_irregular_city, uniq_josephine
D:12:     layout_rooms
D:13:     layout_basic, ximxim_vaults_locker_room, uniq_rupert
D:14:     layout_small_grid, fedhas_altar_1, uniq_nessos
D:15:     grunt_enter_depths_hoard, layout_irregular_city, serial_shops,
          nicolae_shop_trees, kennysheep_crisscross, minmay_shattered_shrine
Temple:   eino_temple_scatter_basement
Lair:1:   layout_big_grid, uniq_fannar
Lair:2:   lemuel_ratsnest, layout_loops_ring, elwin_shoals_entry_stream,
          dummy_snake_entry, bobbens_dragon_lair_wall, uniq_nergalle
Lair:3:   layout_hall_layers, portal_ice_cave_entry_pillars_2
Lair:4:   gammafunk_lair_enchanted_lake, layout_gridlike,
          minmay_slime_entry_jelly_boxes, basic_altar, eino_house_with_fridge
Lair:5:   grunt_lair_end_beastmaster, layout_concentric_octagons, worms_lemuel
Shoals:1: layout_shoals
Shoals:2: cheibrodos_shoals_oceanic_diplomacy, layout_shoals, st_cyclops
Shoals:3: argonaut_golden_fleece, layout_shoals, uniq_ilsuiw
Shoals:4: shoals_end_hellmonk_storm_palace [storm_palace_center_circular,
          storm_palace_corner_grid, storm_palace_corner_narrow,
          storm_palace_corner_reverse_hut, storm_palace_corner_reverse_hut],
          uniq_nikola, uniq_mara
Snake:1:  layout_basic, minmay_shoptagon, uniq_agnes
Snake:2:  layout_layer_cave, serial_bayou_shore_b, minmay_shop_star,
          lemuel_fruit_tree
Snake:3:  layout_rooms, serial_bayou_shore_a, uniq_aizul
Snake:4:  snake_pit_salamanders_mu, layout_basic
Orc:1:    layout_caves
Orc:2:    pf_orc_diabolical, layout_diamond_mine, serial_shops,
          nicolae_shop_crystal
Elf:1:    nicolae_elf_arrival_fired_up, layout_gridlike,
          minmay_elf_annihilation, uniq_kirke
Elf:2:    elven_hall_of_blades_hangedman_alternative
          [mumra_blade_entry_bloodbath], layout_rooms,
          gammafunk_ghost_wrathful_warriors, serial_shops, shop, shop,
          shop_statue, shop, shop, serial_glass, glass_columns_b,
          glass_columns_a
Elf:3:    elf_hall_gauntlet_wide, layout_geoelf_castle, serial_shops,
          bzr_entry_water, uniq_donald, uniq_louise
Vaults:1: v_misc_3, nicolae_vaults_meeting, hangedman_vaults_stagger,
          v_alt_pattern_5, ontoclasm_vaults_spin,
          nicolae_vaults_windows_and_doors_thing, nicolae_vaults_asterisk,
          serial_ice_b, layout_vaults_omnigrid, serial_shops, nicolae_shop_stone
Vaults:2: ebering_ghost_inner_flame, v_alt_pattern_4,
          minmay_crypt_entry_simple_walls, hangedman_vaults_slither,
          hangedman_vaults_variations, v_rooms_4, ontoclasm_vaults_shuriken,
          v_pattern_3, ontoclasm_vaults_chip, v_misc_8,
          layout_vaults_maze_snakey
Vaults:3: v_misc_15, ontoclasm_vaults_tryst, serial_ice_b, st_octagons_1,
          nicolae_vaults_diagonal_hallway_7, grunt_vaults_swirl,
          grunt_vaults_diagonal, ontoclasm_vaults_misaligned,
          vaults_room_corners, ontoclasm_vaults_ligature, layout_vaults_big_room
Vaults:4: nicolae_vaults_angled_halls, vaults_mumra_chevron, v_misc_27,
          nicolae_vaults_theta, nicolae_vaults_little_squares_4,
          ontoclasm_vaults_pinch, ontoclasm_vaults_ring_large, v_misc_11,
          v_misc_17, vaults_room_fours, hangedman_vaults_pinch,
          vaults_dpeg_diagonal, hangedman_vaults_stream,
          vaults_room_fancy_cross, nicolae_vaults_asterisk,
          nicolae_vaults_little_squares_4, nicolae_vaults_mini_display_case,
          layout_vaults_omnicross
Vaults:5: uniq_boris
Depths:1: hangedman_box_tower, layout_cave_shapes, abyss_entry,
          infiniplex_enter_wizlab_water, hell_entry, yredelemnul_altar_generic
Depths:2: minmay_quantized_circle, layout_basic, minmay_misc_feat_cross,
          serial_shops, shop, serial_bayou, serial_bayou_pond_b,
          serial_bayou_pond_b, serial_bayou_lagoon_b, serial_bayou_shore_b,
          hell_entry, rand_demon_pan_entry_4, abyss_entry_small_statue_room,
          minivault_10, zin_treasury, uniq_saint_roka, uniq_enchantress,
          uniq_grunn
Depths:3: minmay_box_of_statues, layout_basic, enter_ziggurat_b, hell_entry,
          marbit_kobold_abyss_entry, nicolae_ru_sacrificial_ziggurat,
          rand_demon_pan_entry_8, infiniplex_staircase_hallway_doors
Depths:4: evilmike_zot_entry_argh, layout_honeycomb, minmay_misc_feat_diagonals,
          hell_entry, abyss_entry_crystal, nicolae_shop_gadgets
Zot:1:    layout_misc_corridors, st_stairs_4, grunt_megastairs_3
Zot:2:    layout_concentric_octagons, grunt_ministairs_11
Zot:3:    layout_onion_interference, grunt_megastairs_5, lemuel_elevator
Zot:4:    layout_gridlike, grunt_megastairs_1, uniq_vv, uniq_tiamat
Zot:5:    layout_basic

Skill      XL: |  1  2  3  4  5  6  7  8  9 10 11 12 13 14 15 16 17 18 19 20 21 22 23 24 25 26 27 |
---------------+----------------------------------------------------------------------------------+-----
Earth Magic    | 4 5 6 7 9 11 13 16 17 18 19 21 22 23 24 25 26 27 | 27.0
Spellcasting   | 3 4 5 6 7 8 9 10 11 12 13 14 15 16 17 18 19 20 | 20.7
Fighting       | 4 6 7 9 11 12 13 14 15 16 17 18 19 21 23 25 | 25.5
Armour         | 4 6 8 9 11 12 13 14 15 16 17 18 19 20 | 20.4
Shields        | 2 5 6 9 10 12 13 14 15 16 17 19 | 19.0
Conjurations   | 2 5 8 9 11 12 13 14 16 17 18 19 20 | 20.5
Staves         | 4 8 |  8.2
Dodging        | |  1.5
Stealth        | |  2.9
Transmutations | |  0.7

Action                   |  1- 3 |  4- 6 |  7- 9 | 10-12 | 13-15 | 16-18 | 19-21 | 22-24 | 25-27 || total
-------------------------+-------+-------+-------+-------+-------+-------+-------+-------+-------++-------
Melee: Long sword        |       |       |     1 |       |       |    36 |    47 |     2 |       ||    86
       Whip              |       |       |       |     8 |     8 |     7 |       |       |       ||    23
       Staff             |       |       |       |       |       |       |       |    36 |   322 ||   358
Throw: Dart              |       |       |       |     1 |       |       |       |       |       ||     1
 Cast: Sandblast         |    49 |    81 |    60 |    92 |    99 |    92 |   120 |    70 |    14 ||   677
       Stone Arrow       |       |       |    50 |   128 |   476 |   603 |    84 |    19 |     6 ||  1366
       Lee's Rapid Decon |       |       |       |     7 |   261 |   342 |   137 |    60 |    83 ||   890
       Petrify           |       |       |       |       |    36 |   111 |    10 |     3 |    12 ||   172
       Borgnjor's Vile C |       |       |       |       |    14 |     5 |     4 |       |     1 ||    24
       Iron Shot         |       |       |       |       |       |    10 |   579 |   501 |   210 ||  1300
       Lehudib's Crystal |       |       |       |       |       |       |    21 |    95 |   292 ||   408
       Shatter           |       |       |       |       |       |       |     6 |     3 |    34 ||    43
Invok: Channel Magic     |       |       |       |       |     1 |       |     1 |       |       ||     2
Evoke: Wand              |       |       |       |       |       |    15 |       |       |     3 ||    18
  Use: Scroll            |     1 |     8 |     8 |    14 |     5 |    20 |       |     7 |     7 ||    70
       Potion            |       |       |       |     1 |     6 |     8 |     6 |     3 |     9 ||    33
 Stab: Sleeping          |       |       |       |       |       |       |       |       |     6 ||     6
Armor: Robe              |     2 |     9 |       |       |       |    44 |   119 |   238 |       ||   412
       Swamp dragon scal |       |       |    50 |    98 |   234 |       |       |       |       ||   382
       Chain mail        |       |       |       |       |   127 |   541 |   149 |       |       ||   817
       Skin              |       |       |       |       |       |       |     1 |       |       ||     1
       Acid dragon scale |       |       |       |       |       |       |       |    27 |   477 ||   504
Dodge: Dodged            |    13 |    24 |    90 |    86 |   227 |   201 |   147 |   207 |   252 ||  1247
       Repelled          |       |       |     2 |     3 |    14 |    26 |     2 |     6 |    33 ||    86
Block: Other             |       |     6 |    33 |    27 |       |       |       |       |       ||    66
       Reflection        |       |       |    14 |     3 |       |       |       |       |       ||    17
       Kite shield       |       |       |       |       |       |   427 |   295 |       |       ||   722
       Buckler           |       |       |       |       |       |       |    13 |   179 |   294 ||   486

Table legend: (Time is in decaauts)
 A = Elapsed time spent in this place.
 B = Non-inter-level travel time spent in this place.
 C = Inter-level travel time spent in this place.
 D = Time resting spent in this place.
 E = Time spent auto-exploring this place.
 F = Levels seen in this place.
 G = Mean time per level.
                   A        B        C        D        E       F      G
               +--------+--------+--------+--------+--------+-----+--------+
         Total | 114603 | 105535 |   9068 |   2409 |  87584 |  51 | 2247.1 |
       Dungeon |  20955 |  19155 |   1800 |    674 |  15809 |  15 | 1397.0 |
        Temple |    180 |    163 |     17 |      0 |    133 |   1 |  180.0 |
          Lair |  10752 |  10038 |    714 |     40 |   8420 |   5 | 2150.4 |
        Shoals |  12600 |  11858 |    742 |    519 |   9750 |   4 | 3150.0 |
     Snake Pit |  10346 |   9239 |   1107 |     45 |   7942 |   4 | 2586.5 |
  Orcish Mines |   4473 |   4146 |    327 |     71 |   3493 |   2 | 2236.5 |
   Elven Halls |   6912 |   6537 |    375 |      0 |   5597 |   3 | 2304.0 |
        Vaults |  19368 |  17557 |   1811 |     42 |  14729 |   5 | 3873.6 |
        Depths |  13951 |  13001 |    950 |    485 |  10582 |   4 | 3487.8 |
           Zot |  11895 |  10675 |   1220 |    409 |   8490 |   5 | 2379.0 |
        Bazaar |    137 |    137 |      0 |      0 |    119 |   1 |  137.0 |
      Ice Cave |   1232 |   1232 |      0 |      0 |   1091 |   1 | 1232.0 |
        Wizlab |   1796 |   1796 |      0 |    124 |   1426 |   1 | 1796.0 |
               +--------+--------+--------+--------+--------+-----+--------+

Top non-repeatable levels by time:
Vaults:1: 6022 daAuts
Depths:1: 5953 daAuts
Vaults:2: 4252 daAuts
 Snake:2: 3827 daAuts
Shoals:3: 3724 daAuts
   Zot:2: 3667 daAuts
 Snake:4: 3608 daAuts
  Lair:2: 3441 daAuts
Depths:2: 3370 daAuts
Vaults:3: 3270 daAuts
Shoals:2: 3241 daAuts
Vaults:4: 3139 daAuts
   Orc:2: 2984 daAuts
Shoals:1: 2939 daAuts
   Zot:5: 2808 daAuts
